 Dungeon Crawl Stone Soup version 0.29.1-2-gbd0b4ee654 (webtiles) character file.

Game seed: 9657793484341081360

558 qeuew the Trooper (level 7, -7/62 HPs)
             Began as a Minotaur Berserker on Nov 14, 2022.
             Was a Believer of Trog.
             Killed from afar by a raiju (15 damage)
             ... with a living lightning
             ... on level 1 of the Abyss.
             The game lasted 00:06:51 (4543 turns).

qeuew the Trooper (Minotaur Berserker)              Turns: 4543, Time: 00:06:52

Health: -7/62      AC:  8    Str: 21    XL:     7   Next: 9%
Magic:  6/6        EV: 12    Int:  4    God:    Trog [**....]
Gold:   198        SH:  0    Dex: 12    Spells: 6/6 levels left

rFire   . . .      SeeInvis .   i - +0 war axe
rCold   . . .      Faith    .   (no shield)
rNeg    + . .      Spirit   .   e - +0 ring mail
rPois   .          Reflect  .   g - +2 hat
rElec   .          Harm     .   (no cloak)
rCorr   .          Rampage  .   (no gloves)
Will    .....                   (no boots)
Stlth   +.........              (no amulet)
HPRegen 0.20/turn               j - ring of positive energy
MPRegen 0.10/turn               (no ring)

@: no status effects
A: horns 2, retaliatory headbutt
a: Renounce Religion, Berserk, Trog's Hand


You were on level 1 of the Abyss.
You worshipped Trog.
Trog was pleased with you.
You visited 1 branch of the dungeon, and saw 4 of its levels.
You visited the Abyss 1 time.

You collected 198 gold pieces.

Inventory:

Hand Weapons
 i - a +0 war axe (weapon)
Armour
 e - a +0 ring mail (worn)
 g - a +2 hat (worn)
Jewellery
 j - a ring of positive energy (left hand)
Scrolls
 a - a scroll of noise {unknown}
 c - a scroll of teleportation
 d - a scroll of identify
Potions
 h - a potion of resistance


   Skills:
 + Level 5.8 Fighting
 + Level 5.7 Axes
 + Level 5.1 Armour
 + Level 4.5 Dodging


You had 6 spell levels left.
You didn't know any spells.
Your spell library was empty.

Dungeon Overview and Level Annotations

Branches:
Dungeon (4/15)
 Temple: D:4-7

Altars:
Qazlal


Innate Abilities, Weirdness & Mutations

You have a pair of horns on your head.
You reflexively headbutt those who attack you in melee.


Message History

The raiju blinks!
Blink to where?
Press: ? - help, Dir - move target
As you read the scroll of blinking, it crumbles to dust.
You recover from your berserk rage.
The deep elf elementalist shouts!
The deep elf elementalist gestures at you while chanting.
Some walls begin to move on their own!
You feel the effects of Trog's Hand fading.
The raiju bursts into living lightning!
The living lightning hits you!
* * * LOW HITPOINT WARNING * * *
The raiju blinks! x2
A starcursed mass splits.
As you read the scroll of butterflies, it crumbles to dust.
You hear the tinkle of a tiny bell.
Your skin stops crawling.
You feel less strong-willed. The raiju barely misses you.
A starcursed mass splits.
Unknown command.
You swap places.
The raiju misses your butterfly.
You swap places.
The raiju bites your butterfly!
Your butterfly dies!
Your butterfly disappears in a burst of colours!
A vampire comes into view.
The raiju bites your butterfly!
Your butterfly dies!
Your butterfly disappears in a burst of colours!
A starcursed mass splits.
The raiju bursts into living lightning!
The living lightning hits your butterfly!
Your butterfly dies!
Your butterfly disappears in a burst of colours!
The living lightning hits your butterfly!!
Your butterfly dies!
Your butterfly disappears in a burst of colours!
The living lightning hits your butterfly!!
Your butterfly dies!
Your butterfly disappears in a burst of colours!
The living lightning hits you!
You die...

#.##. . ...
.#..#.##.ยง..
#....#.....#
....#.....#
#.....#....
..#.#.b..#..#..
..........bV...
#...###@..##
#....#..bb.##.
#.....b..b.#.#
#....#.b...#..
#...###...##.####
#X...#X.Eh.#.#..
#X..X..bbhE#.#.# #
###..##.##.# .##.##
..........e........#


You could see 3 starcursed masses, 2 earth elementals, 2 raiju and a vampire.

Vanquished Creatures
  An ogre (D:4)
  A phantom (D:4)
  A scorpion (D:4)
  2 orc priests (D:4)
  5 orc wizards
  2 gnolls (D:4)
  4 adders
  A worm (D:3)
  A dart slug (D:1)
  19 orcs
  5 ball pythons (D:1)
  6 endoplasms
  3 giant cockroaches
  5 goblins
  7 hobgoblins
  5 jackals (D:1)
  3 quokkas (D:1)
  5 bats
  3 frilled lizards
  8 kobolds
  7 rats
94 creatures vanquished.

Vanquished Creatures (others)
  2 plants (D:1)
2 creatures vanquished.

Grand Total: 96 creatures vanquished

Notes
Turn   | Place    | Note
-------+----------+-------------------------------------------
     0 | D:1      | qeuew the Minotaur Berserker began the quest for the Orb.
     0 | D:1      | Reached XP level 1. HP: 19/19 MP: 0/0
   400 | D:1      | Reached XP level 2. HP: 27/27 MP: 1/1
   724 | D:1      | Reached XP level 3. HP: 28/33 MP: 2/2
   767 | D:1      | Found a faded altar of an unknown god.
  1073 | D:1      | Reached ** piety under Trog
  1490 | D:2      | Found a stormy altar of Qazlal.
  2476 | D:3      | Reached XP level 4. HP: 32/40 MP: 3/3
  3672 | D:4      | Noticed a phantom
  3672 | D:4      | Noticed an ogre
  3675 | D:4      | Killed a phantom
  3676 | D:4      | Reached XP level 5. HP: 47/47 MP: 4/4
  3676 | D:4      | Killed an ogre
  3677 | D:4      | Reached skill level 5 in Fighting
  3677 | D:4      | Reached skill level 5 in Axes
  3677 | D:4      | Reached XP level 6. HP: 56/56 MP: 5/5
  4099 | D:4      | Reached skill level 5 in Armour
  4432 | D:4      | Reached XP level 7. HP: 62/62 MP: 6/6
  4436 | D:4      | Reached *** piety under Trog
  4450 | D:4      | Identified the +7 sling of Bread {speed, rCorr Int+4}
  4486 | Abyss:1  | Cast into level 1 of the Abyss (gnoll)
  4505 | Abyss:1  | Noticed a ynoxinul
  4517 | Abyss:1  | Noticed a raiju
  4517 | Abyss:1  | Noticed a raiju
  4519 | Abyss:1  | Noticed a raiju
  4519 | Abyss:1  | HP: 1/62 [raiju/living lightning (22)]
  4532 | Abyss:1  | Noticed a deep elf elementalist
  4537 | Abyss:1  | Noticed a starcursed mass
  4542 | Abyss:1  | Noticed a vampire
  4543 | Abyss:1  | Killed from afar by a raiju

Illustrated notes

Levels and vault maps discovered:
D:1:      dpeg_arrival_rhombi, layout_rooms, chequers_ecumenical_altar_island,
          chequers_big_river
D:2:      layout_loops_ring, basic_altar
D:3:      layout_basic, minmay_diced_spiral
D:4:      cheibrodos_pilgrimage, layout_rooms, amethyst_killhole,
          grunt_ministairs_10
Abyss:1:  base:
D:3

Skill      XL: |  1  2  3  4  5  6 |
---------------+-------------------+-----
Axes           | 4 5 |  5.7
Fighting       | 4 5 |  5.8
Armour         | 3 4 5 |  5.1
Dodging        | 3 4 |  4.5

Action                   |  1- 3 |  4- 6 |  7- 9 || total
-------------------------+-------+-------+-------++-------
Melee: Hand axe          |    99 |    58 |       ||   157
       Headbutt          |    17 |    17 |     4 ||    38
       Punch             |       |     3 |       ||     3
       War axe           |       |    49 |    13 ||    62
Invok: Berserk           |       |     1 |     1 ||     2
       Trog's Hand       |       |       |     2 ||     2
  Use: Potion            |     7 |       |       ||     7
       Scroll            |     4 |     3 |     2 ||     9
 Stab: Sleeping          |     1 |       |       ||     1
Armor: Animal skin       |    23 |       |       ||    23
       Ring mail         |     2 |    55 |     4 ||    61
Dodge: Dodged            |    52 |    38 |    11 ||   101
